 Dungeon Crawl Stone Soup version 0.30-a0-170-g85af917532 (webtiles) character file.

Game seed: 11865310630506695559

19034 qw the Blocker (level 12, -1/73 HPs)
             Began as a Gargoyle Fighter on Sept 30, 2022.
             Was a High Priest of Okawaru.
             Killed from afar by a will-o-the-wisp (18 damage)
             ... with a foxfire
             ... on level 3 of the Lair of Beasts.
             The game lasted 00:04:19 (13146 turns).

qw the Blocker (Gargoyle Fighter)                  Turns: 13146, Time: 00:04:20

Health: -1/73      AC: 33    Str: 30    XL:     12   Next: 64%
Magic:  17/19      EV:  8    Int: 10    God:    Okawaru [*****.]
Gold:   830        SH: 24    Dex:  9    Spells: 11/11 levels left

rFire   . . .      SeeInvis .    o - +2 broad axe (spect)
rCold   + + .      Faith    .    h - +0 tower shield
rNeg    + . .      Spirit   .    i - +5 plate armour of Integrity {rC+}
rPois   inf        Reflect  +    (no helmet)
rElec   +          Harm     .    t - +0 cloak
rCorr   .          Rampage  .    q - +1 pair of gloves
Will    .....                    (no boots)
Stlth   ..........               a - amulet of reflection
HPRegen 0.22/turn                e - +6 ring of strength
MPRegen 0.16/turn                n - ring of protection from cold

@: about to teleport, heroic, finesse-ful
A: sickness immunity, AC +8, negative energy resistance 1, electricity
resistance, torment resistance 1, petrification resistance
a: Renounce Religion, Heroism, Finesse, Duel


You were on level 3 of the Lair of Beasts.
You worshipped Okawaru.
Okawaru was extremely pleased with you.
You visited 2 branches of the dungeon, and saw 14 of its levels.

You collected 872 gold pieces.
You spent 42 gold pieces at shops.


Innate Abilities, Weirdness & Mutations

You are immune to sickness and miasma.
Your stone body is resilient. (AC +8)
You are immune to poison.
You resist negative energy. (rN+)
You are resistant to electric shocks. (rElec)
You are resistant to unholy torment.
You are immune to petrification.


   Skills:
 - Level 8.0(13.0) Fighting
 + Level 10.5(15.5) Axes
 - Level 2.6(7.6) Throwing
 - Level 7.0(12.0) Armour
 - Level 1.1(6.1) Dodging
 - Level 13.0(18.0) Shields
 + Level 9.8 Invocations


You had 11 spell levels left.
You didn't know any spells.
Your spell library was empty.

Inventory:

Hand Weapons
 o - a +2 spectral broad axe (weapon)
 s - a +2 hand axe of flaming
Armour
 h - a +0 tower shield (worn)
 i - the +5 plate armour of Integrity (worn) {rC+}
   (You found it on level 2 of the Dungeon)

   rC:        It protects you from cold.
 q - a +1 pair of gloves (worn)
 t - a +0 cloak (worn)
Jewellery
 a - an amulet of reflection (around neck)
 b - the amulet "Upnen" {Fragile +Inv Regen+ Str+2 Dex+4}
   (You found it on level 6 of the Dungeon)

   [amulet of regeneration]

   Str:       It affects your strength (+2).
   Dex:       It affects your dexterity (+4).
   +Inv:      It lets you turn invisible.
   Regen:     It increases your rate of health regeneration.
   Fragile:   It will be destroyed if unequipped.
 e - a +6 ring of strength (left hand)
 n - a ring of protection from cold (right hand)
 u - a ring of resist corrosion
Scrolls
 g - 5 scrolls of identify
 k - 4 scrolls of teleportation
Potions
 c - 2 potions of heal wounds
 d - 4 potions of might
 f - 4 potions of haste
 j - 2 potions of lignification
 l - 18 potions of curing
 m - 4 potions of attraction
 p - a potion of resistance
 r - a potion of mutation
 v - a potion of magic

Dungeon Overview and Level Annotations

Branches:
Dungeon (11/15)            Temple (0/1) D:7            Lair (3/5) D:11
 Spider (0/4) Lair:2          Orc (0/2) D:11
  Swamp: Lair:2-3    Shoals: Lair:2-3

Altars:
Kikubaaqudgha
Makhleb
Okawaru
Vehumet

Shops:
D:2 !   D:8 (

Portals:
Trove: D:10 (give +5 demon blade)

Annotations:
D:8 1 runed translucent door, qw's ghost, novice GrFi


Message History

The will-o-the-wisp blinks!
You block the death yak's attack.
You slice one of the four-headed hydra's heads off!
The flame cauterises the wound!
You hit the three-headed hydra. You burn the three-headed hydra.
The three-headed hydra is heavily wounded.
You hit the death yak. You burn the death yak.
You block the three-headed hydra's attack. x2
The three-headed hydra bites you.
You chop one of the three-headed hydra's heads off!
The flame cauterises the wound!
You slash the two-headed hydra! You burn the two-headed hydra.
The two-headed hydra is severely wounded.
You hit the death yak but do no damage.
You chop one of the two-headed hydra's heads off!
The flame cauterises the wound!
You hit the one-headed hydra. You burn the one-headed hydra.
The one-headed hydra is almost dead.
You hit the death yak. You burn the death yak.
You block the death yak's attack.
The will-o-the-wisp gestures.
The will-o-the-wisp conjures some foxfire!
A foxfire comes into view.
You lop the one-headed hydra's last head off!
You kill the one-headed hydra!
Okawaru is honoured by your kill. Okawaru grants you throwing weapons!
Something appears at your feet!
You hit the death yak but do no damage. x2
13145 ||| SWAPPING to +2 spectral broad axe.
Your +2 hand axe of flaming stops flaming.
You feel a bond with your +2 spectral broad axe.
o - a +2 spectral broad axe (weapon)
You block the death yak's attack.
The will-o-the-wisp gestures.
The will-o-the-wisp conjures some foxfire!
The death yak gores you! 2 foxfires come into view.
13146 ||| READING 5 scrolls of teleportation.
As you read the scroll of teleportation, it crumbles to dust.
You feel strangely unstable. The foxfire hits you!!
You die...

...... .(. .....# ###...
.¤v .....## #... #v#
##.....######P..
####¤###P.....##..###..
.#...¤........##.....'..
......¤%......###..##...
#....vYY.....# #..##...
#@......# #...##..
####....# ##.##...
##......#######...
...........##.##.#..
........%...........
...............%....
....................
....................
#...................


You could see 2 death yaks and a will-o-the-wisp.

Vanquished Creatures
  2 hydras
  A boulder beetle (Lair:1)
  4 death yaks (Lair:3)
  An ugly thing (D:8)
  An oklob plant (D:11)
  A manticore (D:11)
  Psyche (D:8)
  2 cane toads
  A rime drake (Lair:3)
  3 komodo dragons
  An unseen horror (D:10)
  A troll (D:10)
  3 blink frogs (Lair:3)
  4 hornets
  4 jumping spiders (Lair:2)
  A culicivora (Lair:2)
  4 wyverns
  A vampire (D:10)
  11 yaks
  Grum (D:11)
  A hog (shapeshifter) (D:9)
  2 basilisks (Lair:1)
  4 steam dragons
  2 redbacks (Lair:2)
  3 vampire mosquitoes (D:10)
  8 water moccasins
  An orc warrior (D:8)
  A black bear (D:6)
  2 ice beasts (D:6)
  2 ogres
  10 wolves
  A centaur (D:7)
  A phantom (D:7)
  6 bullfrogs
  3 kobold brigands
  2 scorpions (D:5)
  5 necrophages
  3 wights (D:10)
  11 killer bees
  8 howler monkeys
  A jelly (D:6)
  6 hounds
  5 orc priests
  Jessica (D:2)
  5 iguanas
  6 hell rats (Lair:3)
  8 orc wizards
  11 adders
  A shadow imp (D:8)
  13 white imps
  3 worms
  4 dart slugs
  37 orcs
  4 ball pythons (D:1)
  6 bats
  11 endoplasms
  4 giant cockroaches
  6 goblins
  7 hobgoblins
  3 jackals (D:4)
  4 quokkas
  14 kobolds
  7 rats
291 creatures vanquished.

Vanquished Creatures (others)
  A bush (Lair:3)
  2 foxfires (Lair:3)
  7 fungi
  9 plants
19 creatures vanquished.

Grand Total: 310 creatures vanquished

Notes
Turn   | Place    | Note
-------+----------+-------------------------------------------
     0 | D:1      | qw the Gargoyle Fighter began the quest for the Orb.
     0 | D:1      | Reached XP level 1. HP: 14/14 MP: 1/1
     0 | D:1      | 0 ||| qw: Version: 0.2-a-13-gfc7b4b4
     0 | D:1      | 0 ||| qw: Game counter: 1691
     0 | D:1      | 0 ||| qw: Always use a shield: true
     0 | D:1      | 0 ||| qw: God list: Okawaru
     0 | D:1      | 0 ||| qw: Allow faded altars: false
     0 | D:1      | 0 ||| qw: Do Orc after D:15 true
     0 | D:1      | 0 ||| qw: Do second Lair branch before Depths: true
     0 | D:1      | 0 ||| qw: Lair rune preference: random
     0 | D:1      | 0 ||| qw: Plans: Normal, Zot:1-4, God:TSO, Crypt, Tomb,
                  | Pan, Slime:5, Hells, Abyss, Orb
     0 | D:1      | 0 ||| PLANNING D:1-11
   259 | D:1      | Reached XP level 2. HP: 15/19 MP: 2/2
   323 | D:1      | Found a faded altar of an unknown god.
   485 | D:1      | 485 ||| Stepping ~*~*~tactically~*~*~ (stealth).
   543 | D:1      | 543 ||| Stepping ~*~*~tactically~*~*~ (stealth).
   781 | D:1      | 781 ||| DROPPING ring of magical power.
   782 | D:1      | 782 ||| READING scroll labelled SIFIUMNAYTZ.
   816 | D:2      | Reached skill level 3 in Axes
   816 | D:2      | Reached XP level 3. HP: 23/23 MP: 3/3
   863 | D:2      | 863 ||| SWAPPING to +0 broad axe.
   864 | D:2      | 864 ||| DROPPING +0 war axe.
   932 | D:2      | Identified the +5 plate armour of Integrity {rC+}
  1073 | D:2      | Noticed Jessica
  1074 | D:2      | 1074 ||| Stepping ~*~*~tactically~*~*~ (hiding).
  1076 | D:2      | 1076 ||| Stepping ~*~*~tactically~*~*~ (stealth).
  1086 | D:2      | Killed Jessica
  1087 | D:2      | Reached XP level 4. HP: 12/28 MP: 4/4
  1094 | D:2      | HP: 5/28 [worm (8)]
  1348 | D:2      | Found Nanic's Distillery.
  1356 | D:2      | 1356 ||| BUYING potion of curing (42 gold).
  1356 | D:2      | Bought a potion of curing for 42 gold pieces
  1356 | D:2      | 1356 ||| SHOPLISTING potion of curing (42 gold, have 26).
  1356 | D:2      | 1356 ||| SHOPLISTING potion of haste (140 gold, have 26).
  1356 | D:2      | 1356 ||| SHOPLISTING potion of lignification (42 gold, have
                  | 26).
  1356 | D:2      | 1356 ||| SHOPLISTING potion of might (56 gold, have 26).
  1803 | D:2      | 1803 ||| UPGRADING to +5 plate armour of Integrity {rC+}.
  1813 | D:2      | 1813 ||| DROPPING +0 scale mail.
  1814 | D:2      | 1814 ||| UPGRADING to +0 pair of gloves.
  1819 | D:2      | 1819 ||| DROPPING ring of wizardry.
  1820 | D:2      | 1820 ||| READING 2 scrolls labelled QYINA BELULED.
  1821 | D:2      | 1821 ||| DRINKING 3 fizzy brown potions.
  1822 | D:2      | 1822 ||| DRINKING 2 coppery potions.
  1870 | D:2      | 1870 ||| DROPPING 2 potions of degeneration.
  1886 | D:3      | 1886 ||| PLANNING SEWER
  2056 | D:3      | Found a burning altar of Makhleb.
  2228 | D:3      | Reached XP level 5. HP: 32/32 MP: 5/5
  2271 | D:3      | 2271 ||| Stepping ~*~*~tactically~*~*~ (hiding).
  2479 | D:3      | You fall into a shaft and drop 3 floors!
  2480 | D:6      | Noticed a black bear
  2498 | D:6      | HP: 3/32 [black bear (10)]
  2499 | D:6      | Killed a black bear
  2500 | D:6      | Reached XP level 6. HP: 3/37 MP: 6/6
  2853 | D:6      | Noticed an ice beast
  2863 | D:6      | Killed an ice beast
  2885 | D:6      | 2885 ||| Stepping ~*~*~tactically~*~*~ (stealth).
  2886 | D:6      | 2886 ||| Stepping ~*~*~tactically~*~*~ (stealth).
  2887 | D:6      | 2887 ||| Stepping ~*~*~tactically~*~*~ (stealth).
  2888 | D:6      | 2888 ||| Stepping ~*~*~tactically~*~*~ (stealth).
  2931 | D:6      | Reached skill level 6 in Axes
  2931 | D:6      | Reached XP level 7. HP: 33/44 MP: 7/7
  3029 | D:6      | 3029 ||| RIP SEWER
  3029 | D:6      | 3029 ||| PLANNING D:1-11
  3029 | D:6      | 3029 ||| DROPPING +0 club.
  3030 | D:6      | 3030 ||| UPGRADING to +1 pair of gloves.
  3040 | D:6      | 3040 ||| DROPPING +0 pair of gloves.
  3041 | D:6      | 3041 ||| UPGRADING to amulet of reflection.
  3046 | D:6      | 3046 ||| READING scroll labelled VYL BASEOLIOSU.
  3047 | D:6      | 3047 ||| READING scroll labelled SYD FOTIASCH.
  3048 | D:6      | 3048 ||| READING scroll labelled YTAJYT PAAPHI.
  3049 | D:6      | 3049 ||| DRINKING 2 lumpy amethyst potions.
  3059 | D:5      | Entered Level 5 of the Dungeon
  3063 | D:5      | 3063 ||| Stepping ~*~*~tactically~*~*~ (stealth).
  3250 | D:3      | 3250 ||| RIP SEWER
  3421 | D:3      | 3421 ||| Stepping ~*~*~tactically~*~*~ (stealth).
  3422 | D:3      | 3422 ||| Stepping ~*~*~tactically~*~*~ (stealth).
  3424 | D:3      | 3424 ||| Stepping ~*~*~tactically~*~*~ (hiding).
  3554 | D:3      | 3554 ||| Stepping ~*~*~tactically~*~*~ (stealth).
  3728 | D:3      | 3728 ||| Stepping ~*~*~tactically~*~*~ (water).
  3914 | D:3      | 3914 ||| READING scroll labelled YPIYVI FURIO.
  3915 | D:3      | 3915 ||| DRINKING 2 fuming emerald potions.
  3916 | D:3      | 3916 ||| READING 2 scrolls of identify.
  3916 | D:3      | 3916 ||| IDENTIFYING blue potion
  4203 | D:4      | 4203 ||| Stepping ~*~*~tactically~*~*~ (stealth).
  4422 | D:4      | 4422 ||| Stepping ~*~*~tactically~*~*~ (hiding).
  4679 | D:4      | 4679 ||| UPGRADING to +6 ring of strength.
  4707 | D:5      | 4707 ||| STAIRDANCE
  4725 | D:5      | 4725 ||| STAIRDANCE
  4728 | D:4      | Reached skill level 1 in Dodging
  4732 | D:4      | Reached XP level 8. HP: 49/49 MP: 8/8
  4763 | D:5      | 4763 ||| Stepping ~*~*~tactically~*~*~ (stealth).
  4764 | D:5      | 4764 ||| Stepping ~*~*~tactically~*~*~ (stealth).
  4776 | D:5      | Noticed a wyvern
  4777 | D:5      | 4777 ||| Stepping ~*~*~tactically~*~*~ (stealth).
  4779 | D:5      | 4779 ||| Stepping ~*~*~tactically~*~*~ (stealth).
  4796 | D:5      | Killed a wyvern
  5036 | D:5      | 5036 ||| Stepping ~*~*~tactically~*~*~ (stealth).
  5123 | D:5      | 5123 ||| Stepping ~*~*~tactically~*~*~ (hiding).
  5125 | D:5      | 5125 ||| Stepping ~*~*~tactically~*~*~ (hiding).
  5458 | D:5      | 5458 ||| UPGRADING to ring of protection from cold.
  5459 | D:5      | 5459 ||| READING scroll labelled XICOKA FOGAHUEQU.
  5460 | D:5      | 5460 ||| READING scroll labelled NYKYIM UCINTAIK.
  5461 | D:5      | 5461 ||| READING scroll labelled HAENOE ZIWON.
  5540 | D:6      | 5540 ||| FLEEEEING.
  5541 | D:6      | 5541 ||| FLEEEEING.
  5548 | D:6      | 5548 ||| FLEEEEING.
  5553 | D:6      | 5553 ||| FLEEEEING.
  5554 | D:6      | 5554 ||| FLEEEEING.
  5557 | D:6      | 5557 ||| Stepping ~*~*~tactically~*~*~ (cloud).
  5561 | D:6      | 5561 ||| FLEEEEING.
  5562 | D:6      | 5562 ||| FLEEEEING.
  5563 | D:6      | 5563 ||| FLEEEEING.
  5564 | D:6      | 5564 ||| STAIRDANCE
  5614 | D:5      | 5614 ||| READING scroll labelled TABLAR KOGA.
  5617 | D:6      | 5617 ||| STAIRDANCE
  5662 | D:6      | 5662 ||| STAIRDANCE
  5666 | D:5      | Reached skill level 6 in Fighting
  5683 | D:6      | Reached XP level 9. HP: 51/55 MP: 9/9
  5787 | D:6      | Found an ancient bone altar of Kikubaaqudgha.
  5793 | D:6      | Identified the amulet "Upnen" {Fragile +Inv Regen+ Str+2
                  | Dex+4}
  5804 | D:6      | Found an iron altar of Okawaru.
  5805 | D:6      | 5805 ||| PLANNING OKAWARU WORSHIP
  5837 | D:6      | Became a worshipper of Warmaster Okawaru
  5838 | D:6      | 5838 ||| PLANNING D:1-11
  6100 | D:7      | 6100 ||| Stepping ~*~*~tactically~*~*~ (hiding).
  6101 | D:7      | 6101 ||| Stepping ~*~*~tactically~*~*~ (hiding).
  6301 | D:7      | Noticed a hornet
  6302 | D:7      | 6302 ||| Stepping ~*~*~tactically~*~*~ (stealth).
  6335 | D:7      | Reached skill level 9 in Axes
  6395 | D:7      | Reached * piety under Okawaru
  6396 | D:7      | Reached skill level 4 in Shields
  6399 | D:7      | Killed a hornet
  6400 | D:7      | Reached skill level 1 in Invocations
  6568 | D:7      | Found a staircase to the Ecumenical Temple.
  6624 | D:8      | 6624 ||| STAIRDANCE
  6631 | D:8      | 6631 ||| INVOKING Heroism.
  6652 | D:8      | 6652 ||| DROPPING +0 flail.
  6680 | D:8      | Found a runed translucent door.
  6680 | D:8      | Noticed qw's ghost (novice GrFi)
  6727 | D:8      | Noticed Psyche
  6728 | D:8      | 6728 ||| INVOKING Heroism.
  6735 | D:8      | Noticed a green ugly thing
  6740 | D:8      | 6740 ||| INVOKING Heroism.
  6742 | D:8      | Killed Psyche
  6743 | D:8      | Reached skill level 3 in Invocations
  6760 | D:8      | Killed a green ugly thing
  6760 | D:8      | Reached ** piety under Okawaru
  6760 | D:8      | HP: 14/57 [wyvern (2)]
  6761 | D:8      | Reached XP level 10. HP: 15/63 MP: 9/13
  6761 | D:8      | 6761 ||| READING 2 scrolls of teleportation.
  6762 | D:8      | 6762 ||| DRINKING potion of heal wounds.
  6764 | D:8      | 6764 ||| INVOKING Heroism.
  6987 | D:8      | 6987 ||| Stepping ~*~*~tactically~*~*~ (hiding).
  6989 | D:8      | 6989 ||| INVOKING Heroism.
  6990 | D:8      | 6990 ||| READING 2 scrolls of identify.
  6990 | D:8      | 6990 ||| IDENTIFYING orange potion
  6995 | D:8      | 6995 ||| Stepping ~*~*~tactically~*~*~ (cloud).
  7016 | D:8      | 7016 ||| Stepping ~*~*~tactically~*~*~ (stealth).
  7017 | D:8      | 7017 ||| INVOKING Heroism.
  7023 | D:8      | 7023 ||| Stepping ~*~*~tactically~*~*~ (hiding).
  7027 | D:8      | 7027 ||| Stepping ~*~*~tactically~*~*~ (hiding).
  7039 | D:8      | 7039 ||| DROPPING potion of brilliance.
  7041 | D:8      | 7041 ||| INVOKING Heroism.
  7179 | D:8      | Found Yngayrch's Antique Weapon Shop.
  7415 | D:8      | 7415 ||| UPGRADING to +0 tower shield.
  7425 | D:8      | 7425 ||| DROPPING +0 buckler.
  7444 | D:7      | 7444 ||| READING scroll of brand weapon.
  7444 | D:7      | 7444 ||| BRANDING +1 broad axe of electrocution.
  7525 | D:9      | Reached skill level 5 in Shields
  7691 | D:9      | Found a radiant altar of Vehumet.
  7698 | D:9      | 7698 ||| Stepping ~*~*~tactically~*~*~ (stealth).
  7700 | D:9      | 7700 ||| Stepping ~*~*~tactically~*~*~ (stealth).
  7701 | D:9      | 7701 ||| Stepping ~*~*~tactically~*~*~ (stealth).
  7704 | D:9      | 7704 ||| Stepping ~*~*~tactically~*~*~ (stealth).
  7871 | D:9      | Reached skill level 6 in Shields
  8157 | D:9      | 8157 ||| READING 2 scrolls of identify.
  8157 | D:9      | 8157 ||| IDENTIFYING fuming inky potion
  8182 | D:10     | Entered Level 10 of the Dungeon
  8210 | D:10     | Reached skill level 7 in Shields
  8255 | D:10     | 8255 ||| Stepping ~*~*~tactically~*~*~ (stealth).
  8257 | D:10     | 8257 ||| Stepping ~*~*~tactically~*~*~ (hiding).
  8263 | D:10     | 8263 ||| INVOKING Heroism.
  8363 | D:10     | 8363 ||| INVOKING Heroism.
  8372 | D:10     | Reached *** piety under Okawaru
  8373 | D:10     | Reached skill level 8 in Shields
  8554 | D:10     | 8554 ||| INVOKING Heroism.
  8671 | D:10     | 8671 ||| INVOKING Heroism.
  8676 | D:10     | Reached skill level 9 in Shields
  8680 | D:10     | Reached XP level 11. HP: 61/67 MP: 12/14
  8789 | D:10     | 8789 ||| Stepping ~*~*~tactically~*~*~ (hiding).
  8888 | D:10     | 8888 ||| Stepping ~*~*~tactically~*~*~ (hiding).
  8901 | D:10     | Reached skill level 10 in Shields
  9164 | D:10     | Found a portal to a secret trove of treasure.
  9383 | D:10     | 9383 ||| INVOKING Heroism.
  9469 | D:10     | 9469 ||| READING scroll labelled PIROOG KEDDUS.
  9470 | D:10     | 9470 ||| READING scroll labelled VUINKA LEITUFAZ.
  9526 | D:11     | Found a staircase to the Orcish Mines.
  9567 | D:11     | Noticed Grum
  9568 | D:11     | 9568 ||| Stepping ~*~*~tactically~*~*~ (hiding).
  9572 | D:11     | 9572 ||| INVOKING Heroism.
  9581 | D:11     | Killed Grum
  9768 | D:11     | Noticed an oklob plant
  9769 | D:11     | 9769 ||| INVOKING Heroism.
  9771 | D:11     | Found a staircase to the Lair.
  9777 | D:11     | Killed an oklob plant
  9911 | D:11     | 9911 ||| Stepping ~*~*~tactically~*~*~ (hiding).
  9914 | D:11     | 9914 ||| INVOKING Heroism.
  9916 | D:11     | 9916 ||| Stepping ~*~*~tactically~*~*~ (hiding).
  9918 | D:11     | Found a frozen archway.
  9924 | D:11     | Reached skill level 11 in Shields
 10462 | D:11     | Noticed a manticore
 10463 | D:11     | 10463 ||| INVOKING Heroism.
 10468 | D:11     | Killed a manticore
 10468 | D:11     | Reached **** piety under Okawaru
 10622 | D:11     | 10622 ||| PLANNING LAIR
 10658 | Lair:1   | Entered Level 1 of the Lair of Beasts
 10747 | Lair:1   | You fall into a shaft and drop 1 floor!
 10749 | Lair:2   | 10749 ||| INVOKING Heroism.
 10829 | Lair:2   | 10829 ||| READING scroll labelled DYFIZE LINUWE.
 10931 | Lair:2   | 10931 ||| READING scroll labelled WENWOACVUON.
 10932 | Lair:2   | 10932 ||| READING 2 scrolls of identify.
 10932 | Lair:2   | 10932 ||| IDENTIFYING silvery potion
 10933 | Lair:2   | 10933 ||| READING 2 scrolls of teleportation.
 10940 | Lair:2   | 10940 ||| INVOKING Heroism.
 10949 | Lair:2   | Reached skill level 12 in Shields
 11041 | Lair:2   | Noticed a seven-headed hydra
 11042 | Lair:2   | 11042 ||| INVOKING Heroism.
 11043 | Lair:2   | 11043 ||| SWAPPING to +2 hand axe of flaming.
 11055 | Lair:2   | Killed a one-headed hydra
 11056 | Lair:2   | 11056 ||| SWAPPING to +1 spectral broad axe.
 11059 | Lair:2   | Reached skill level 6 in Armour
 11059 | Lair:2   | Reached skill level 6 in Invocations
 11607 | Lair:1   | 11607 ||| Stepping ~*~*~tactically~*~*~ (stealth).
 11619 | Lair:1   | 11619 ||| Stepping ~*~*~tactically~*~*~ (stealth).
 11631 | Lair:1   | 11631 ||| Stepping ~*~*~tactically~*~*~ (hiding).
 11733 | Lair:1   | Noticed a boulder beetle
 11734 | Lair:1   | 11734 ||| INVOKING Heroism.
 11742 | Lair:1   | Killed a boulder beetle
 11742 | Lair:1   | Reached ***** piety under Okawaru
 12156 | Lair:1   | 12156 ||| DRINKING 2 bubbling purple potions.
 12157 | Lair:1   | 12157 ||| READING 3 scrolls of identify.
 12157 | Lair:1   | 12157 ||| IDENTIFYING metallic cyan potion
 12158 | Lair:1   | 12158 ||| DROPPING potion of berserk rage.
 12238 | Lair:2   | 12238 ||| Stepping ~*~*~tactically~*~*~ (stealth).
 12239 | Lair:2   | Found a hole to the Spider Nest.
 12240 | Lair:2   | 12240 ||| INVOKING Heroism.
 12256 | Lair:2   | Reached XP level 12. HP: 60/72 MP: 17/17
 12263 | Lair:2   | 12263 ||| INVOKING Heroism.
 12266 | Lair:2   | Reached skill level 13 in Shields
 12391 | Lair:2   | 12391 ||| INVOKING Heroism.
 12453 | Lair:2   | 12453 ||| Stepping ~*~*~tactically~*~*~ (stealth).
 12623 | Lair:2   | 12623 ||| READING scroll of enchant weapon.
 12623 | Lair:2   | 12623 ||| ENCHANTING +1 spectral broad axe.
 12813 | Lair:2   | 12813 ||| UPGRADING to +0 cloak.
 12818 | Lair:2   | 12818 ||| READING 5 scrolls of identify.
 12818 | Lair:2   | 12818 ||| IDENTIFYING lumpy ruby potion
 12819 | Lair:2   | 12819 ||| DROPPING potion of ambrosia.
 12864 | Lair:3   | 12864 ||| Stepping ~*~*~tactically~*~*~ (hiding).
 12868 | Lair:3   | 12868 ||| Stepping ~*~*~tactically~*~*~ (hiding).
 12885 | Lair:3   | 12885 ||| Stepping ~*~*~tactically~*~*~ (stealth).
 12886 | Lair:3   | 12886 ||| Stepping ~*~*~tactically~*~*~ (stealth).
 12887 | Lair:3   | 12887 ||| Stepping ~*~*~tactically~*~*~ (stealth).
 12990 | Lair:3   | 12990 ||| INVOKING Heroism.
 13024 | Lair:3   | 13024 ||| Stepping ~*~*~tactically~*~*~ (stealth).
 13050 | Lair:3   | 13050 ||| INVOKING Heroism.
 13074 | Lair:3   | 13074 ||| INVOKING Heroism.
 13086 | Lair:3   | Received a gift from Okawaru
 13093 | Lair:3   | Noticed a death yak
 13094 | Lair:3   | 13094 ||| INVOKING Finesse.
 13103 | Lair:3   | Noticed a death yak
 13104 | Lair:3   | Noticed a death yak
 13106 | Lair:3   | Killed a death yak
 13106 | Lair:3   | Noticed a death yak
 13107 | Lair:3   | Reached skill level 9 in Invocations
 13109 | Lair:3   | Noticed a death yak
 13110 | Lair:3   | Noticed a death yak
 13111 | Lair:3   | Noticed an eight-headed hydra
 13118 | Lair:3   | Killed a death yak
 13120 | Lair:3   | 13120 ||| SWAPPING to +2 hand axe of flaming.
 13130 | Lair:3   | Killed a death yak
 13136 | Lair:3   | Killed a death yak
 13144 | Lair:3   | Killed a one-headed hydra
 13144 | Lair:3   | Received a gift from Okawaru
 13145 | Lair:3   | 13145 ||| SWAPPING to +2 spectral broad axe.
 13145 | Lair:3   | HP: 17/73 [death yak (10)]
 13146 | Lair:3   | 13146 ||| READING 5 scrolls of teleportation.
 13146 | Lair:3   | Killed from afar by a will-o-the-wisp

Levels and vault maps discovered:
D:1:      dpeg_arrival_shelter, layout_basic, hellmonk_ecumenical_altar_zigzags
D:2:      layout_basic, serial_shops, nicolae_shop_advertising_works
          [nicolae_subvault_shop_adworks], kennysheep_generic_room_6,
          uniq_jessica
D:3:      layout_loops_corners, amcnicky_altar_gilded, gup_sewer_entry_spiral
D:4:      layout_basic, st_stairs_8, hangedman_decor_slide_cut
D:5:      layout_rooms, minmay_misc_feat_columns
D:6:      layout_basic, mainiacjoe_overflow_catch_the_wave
D:7:      layout_rooms, minmay_temple_entry_from_below_b
D:8:      layout_rooms, serial_shops, nicolae_shop_crystal,
          hellmonk_ghost_happy_afterlife, minmay_diced_spiral, uniq_psyche
D:9:      layout_irregular_city, lemuel_round_altar
D:10:     layout_stronghold, enter_bailey_6, nicolae_trove_entry_crystal
D:11:     layout_basic, dpeg_oklobed_lair, orc_0_dummy,
          portal_ice_cave_entry_imps, nicolae_twisting_strands, uniq_grum
Lair:1:   layout_hall_layers
Lair:2:   layout_big_grid, nicolae_spider_entry_tight_spaces,
          lemuel_old_faithful, grunt_megastairs_5
Lair:3:   layout_regular_city, minmay_swamp_entry_wisps

Skill      XL: |  1  2  3  4  5  6  7  8  9 10 11 12 |
---------------+-------------------------------------+-----
Axes           | 2 3 4 5 6 7 8 9 10 | 10.5
Fighting       | 4 5 6 7 8 |  8.0
Armour         | 4 5 6 7 |  7.0
Dodging        | 1 |  1.1
Throwing       | 2 |  2.6
Shields        | 4 9 12 13 | 13.0
Invocations    | 4 7 9 |  9.8

Action                   |  1- 3 |  4- 6 |  7- 9 | 10-12 || total
-------------------------+-------+-------+-------+-------++-------
Melee: War axe           |    33 |       |       |       ||    33
       Broad axe         |    38 |   120 |   306 |   305 ||   769
       Hand axe          |       |       |       |    36 ||    36
Throw: Boomerang         |    23 |       |    26 |    20 ||    69
       Javelin           |       |       |       |     3 ||     3
Invok: Heroism           |       |       |     3 |    23 ||    26
       Finesse           |       |       |       |     1 ||     1
  Use: Scroll            |     1 |     1 |     9 |    14 ||    25
       Potion            |       |     2 |     2 |     2 ||     6
 Stab: Distracted        |       |       |       |     6 ||     6
Armor: Scale mail        |    39 |     8 |       |       ||    47
       Plate armour      |       |   126 |   178 |   125 ||   429
Dodge: Dodged            |    41 |    51 |    83 |    33 ||   208
Block: Buckler           |    15 |    28 |   147 |    12 ||   202
       Reflection        |       |       |     7 |    11 ||    18
       Tower shield      |       |       |       |   268 ||   268

Table legend:
 A = Non-vault XP
 B = Vault XP
 C = Vault XP percentage of total XP
 D = Non-vault monster count
 E = Vault monster count
 F = Vault count percentage of total count
                 A         B        C        D         E       F
            +---------+---------+-------+---------+---------+-------
      Total |   23275 |    3917 |  14.4 |     249 |      42 |  14.4
            +---------+---------+-------+---------+---------+-------
        D:1 |      24 |       0 |   0.0 |      15 |       0 |   0.0
        D:2 |      45 |      54 |  54.5 |      12 |       4 |  25.0
        D:3 |     200 |      25 |  11.1 |      29 |       7 |  19.4
        D:4 |     267 |      36 |  11.9 |      20 |       1 |   4.8
        D:5 |     879 |       0 |   0.0 |      17 |       0 |   0.0
        D:6 |     919 |       0 |   0.0 |      13 |       0 |   0.0
        D:7 |    1072 |       0 |   0.0 |      21 |       0 |   0.0
        D:8 |    1055 |    1039 |  49.6 |      15 |       6 |  28.6
        D:9 |    1597 |       0 |   0.0 |      17 |       0 |   0.0
       D:10 |    2986 |       0 |   0.0 |      34 |       0 |   0.0
       D:11 |    1454 |    1249 |  46.2 |       8 |      17 |  68.0
     Lair:1 |    2963 |       0 |   0.0 |      17 |       0 |   0.0
     Lair:2 |    2677 |    1514 |  36.1 |       9 |       7 |  43.8
     Lair:3 |    7137 |       0 |   0.0 |      22 |       0 |   0.0
            +---------+---------+-------+---------+---------+-------
